 Dungeon Crawl Stone Soup version 0.30.0-18-gc0e69614cb (webtiles) character file.

Game seed: 17504859592526175736

9570 Cheops the Covert (level 11, -6/69 (79) HPs)
             Began as an Armataur Earth Elementalist on May 23, 2023.
             Was a Follower of Uskayaw.
             Mangled by Fannar
             ... wielding a staff of cold
              (15 damage)
             ... on level 10 of the Dungeon.
             The game lasted 01:04:41 (12572 turns).

Cheops the Covert (Armataur Earth Elementalist)    Turns: 12572, Time: 01:04:41

HP:   -6/69 (79)    AC: 13    Str: 17    XL:     11   Next: 24%
MP:   0/23          EV:  9    Int: 19    God:    Uskayaw [*.....]
Gold: 293           SH:  0    Dex: 13    Spells: 2/14 levels left

rFire   + . .        a - +4 dagger (venom)
rCold   . . .        (no shield)
rNeg    . . .        I - +2 steam dragon scales
rPois   +            g - +2 helmet of the Stone Wall {Harm Drain Str+4 Stlth+}
rElec   .            z - +2 cloak
rCorr   .            (no gloves)
SInv    .            (no barding)
Will    .....        x - amulet "Imiom Qyno" {Spirit +Inv rPois rF+ Dex-5}
Stlth   +++++        t - +6 ring of dexterity
HPRegen 0.31/turn    y - ring of magical power
MPRegen 0.18/turn

%: harm (+30% outgoing, +20% incoming), guardian spirit, roll
@: very slightly contaminated, heavily drained
A: large, rugged brown scales 3, deformed body, armoured tail, roll, long
tongue, awkward tongue
a: Renounce Religion, Evoke Invisibility, Stomp


You were on level 10 of the Dungeon.
You worshipped Uskayaw.
Uskayaw was noncommittal.
You visited 1 branch of the dungeon, and saw 10 of its levels.

You collected 729 gold pieces.
You spent 436 gold pieces at shops.

Inventory:

Hand Weapons
 a - a +4 dagger of venom (weapon)
 b - a +0 dagger of flaming
Armour
 g - the +2 helmet of the Stone Wall (worn) {Harm Drain Str+4 Stlth+}
   (You took it off Robin on level 4 of the Dungeon)

   Str:       It affects your strength (+4).
   Drain:     It drains your maximum health when unequipped.
   Harm:      It increases damage dealt and taken.
   Stlth:     It makes you more stealthy.
 i - an orb of wrath
 z - a +2 cloak (worn)
 E - the +10 plate armour of Jemiet {rElec}
   (You found it on level 6 of the Dungeon)

   rElec:     It insulates you from electricity.
 I - +2 steam dragon scales (worn)
Jewellery
 t - a +6 ring of dexterity (left hand)
 x - the amulet "Imiom Qyno" (around neck) {Spirit +Inv rPois rF+ Dex-5}
   (You bought it in a shop on level 7 of the Dungeon)

   [amulet of guardian spirit]

   It causes incoming damage to be divided between your reserves of health and
   magic.
   Dex:       It affects your dexterity (-5).
   rF:        It protects you from fire.
   rPois:     It protects you from poison.
   +Inv:      It lets you turn invisible.
 y - a ring of magical power (right hand)
Wands
 j - a wand of polymorph (2)
 r - a wand of flame (10)
 M - a wand of iceblast (3)
Scrolls
 c - 7 scrolls of teleportation
 f - 2 scrolls of fear
 h - 3 scrolls of vulnerability
 l - 3 scrolls of amnesia
 o - 3 scrolls of magic mapping
 u - 2 scrolls of fog
 v - 2 scrolls of poison
 A - a scroll of immolation
 C - 3 scrolls of silence
 G - 2 scrolls of brand weapon
 K - a scroll of blinking
 L - a scroll of enchant armour
Potions
 d - 2 potions of ambrosia
 e - 4 potions of degeneration {unknown}
 k - a potion of attraction
 m - a potion of lignification
 p - 2 potions of cancellation {unknown}
 q - a potion of invisibility
 s - 2 potions of mutation
 w - 5 potions of curing
 B - 2 potions of haste {unknown}
 D - 5 potions of magic
 F - a potion of resistance
 H - a potion of berserk rage {unknown}
 J - a potion of flight


   Skills:
 - Level 7.2 Short Blades
 - Level 1.3 Dodging
 + Level 9.5 Stealth
 - Level 2.0 Spellcasting
 - Level 8.0 Conjurations
 - Level 5.0 Transmutations
 - Level 9.0 Earth Magic


You had 2 spell levels left.
You knew the following spells:

 Your Spells              Type           Power      Damage    Failure   Level
a - Sandblast             Erth           72%        2d16      1%          1
b - Stone Arrow           Conj/Erth      68%        3d11      1%          3
p - Petrify               Tmut/Erth      28%        N/A       10%         4
r - Searing Ray           Conj           64%        2d6       1%          2
P - Passwall              Tmut/Erth      23%        N/A       1%          2

Your spell library contained the following spells:

 Spells                   Type           Power      Damage    Failure   Level
 Magic Dart               Conj           100%       1d8       1%          1
 Necrotise                Necr           4%         1d4       17%         1
 Iskenderun's Battlesphe  Conj           32%        2d8       17%         5
 Fulminant Prism          Conj/Hex       8%         3d7       32%         4
 Vampiric Draining        Necr           1%         2d6       45%         3
 Fireball                 Conj/Fire      8%         3d6       65%         5
 Agony                    Necr           1%         N/A       99%         5
 Conjure Ball Lightning   Conj/Air       8%         3x3d6     99%         6
 Orb of Destruction       Conj           16%        9d7       99%         7


Dungeon Overview and Level Annotations

Branches:
Dungeon (10/15)            Temple (0/1) D:4
   Lair: D:8-11         Orc: D:9-12

Altars:
Ashenzari
Cheibriados
Fedhas
Hepliaklqana
Makhleb
Nemelex Xobeh
Okawaru
Trog
Uskayaw
Wu Jian
Xom
Yredelemnul

Shops:
D:4 **   D:5 (*(*   D:6 =   D:7 *

Annotations:
D:7 2 transporters
D:8 centaur island, 3 exclusions
D:10 Fannar


Innate Abilities, Weirdness & Mutations

You are completely covered in rugged brown scales. (AC +3, +7% HP)
Armour fits poorly on your strangely shaped body.
You have a long armoured tail.
You roll when moving toward enemies. (Rampage)
Your long tongue fully drains potion bottles. (2x potion effects)
Your tongue gives you trouble enunciating. (1.5x scroll delay)


Message History

Fannar hits you but does no damage. Fannar freezes you!
* * * LOW HITPOINT WARNING * * *
The ice beast barely misses you.
You feel much better.
You slurp down every last drop of the potion of heal wounds!
Aiming: Throw Flame
Press: ? - help, Shift-Dir - straight line, f - Fannar
Aim: Fannar, wielding a staff of cold and wearing a +2 robe of cold resistance (heavily wounded, unable to see you, very poisoned, 48% to hit)
The puff of flame misses Fannar.
You flicker for a moment.
You hit Fannar.
Fannar looks as sick as possible!
You tail-slap Fannar.
Fannar is heavily wounded.
Fannar hits you with a staff of cold. Fannar freezes you!
* * * LOW HITPOINT WARNING * * *
You hit Fannar.
Fannar looks as sick as possible!
Your tail-slap misses Fannar.
Fannar is heavily wounded.
You hit Fannar.
Fannar looks as sick as possible!
Fannar is heavily wounded.
Fannar hits you but does no damage.
You closely miss Fannar.
Your tail-slap misses Fannar.
Fannar is heavily wounded.
You hit Fannar but do no damage.
Fannar looks as sick as possible!
Fannar is heavily wounded.
You barely miss Fannar.
Fannar is heavily wounded.
Fannar points at you and mumbles some strange words.
The bolt of cold hits you!!
* * * LOW HITPOINT WARNING * * *
You hit Fannar.
Fannar looks as sick as possible!
Fannar is severely wounded.
You flicker back into view.
You miss Fannar.
Your tail-slap misses Fannar.
Fannar is severely wounded.
Fannar hits you but does no damage. Fannar freezes you!
* * * LOW HITPOINT WARNING * * *
Fannar attacks as you move away! Fannar closely misses you.
Fannar attacks as you move away! Fannar hits you with a staff of cold.
* * * LOW HITPOINT WARNING * * *
Fannar freezes you!
You die...

###.##.......#
#..#....##.#
####.#...)##.# #.##.#
##.##.# #.##.###..##.#
#.##......##.#
##.####....##.#
##.........)...#####
#####..@##..............
.......e.........#.###..
#...........#...........
##..........####...####.
#..........# ##..# ##
#..........# #..#
#..........# .....
#..........# ......
#..........# .......


You could see Fannar (extremely poisoned).

Vanquished Creatures
  3 two-headed ogres
  Pikel (D:8)
  Maurice (D:8)
  A troll (D:10)
  A hornet (D:9)
  Prince Ribbit (D:8)
  15 yaks
  2 slime creatures (D:6)
  A wyvern (D:8)
  3 steam dragons
  An acid dragon (D:10)
  A water moccasin (D:6)
  2 ice beasts (D:7)
  4 black bears
  2 sky beasts
  An orc warrior (D:7)
  2 ogres
  3 centaurs
  A phantom (D:5)
  5 kobold brigands
  A bullfrog (D:6)
  2 scorpions (D:5)
  A wight (D:10)
  10 killer bees
  2 howler monkeys
  6 jellies (D:6)
  2 hounds
  3 orc priests
  Jessica (D:2)
  3 iguanas
  Ijyb (D:4)
  Natasha (thrice) (D:2)
  Terence (D:3)
  2 orc wizards
  A mummy (D:7)
  Robin (D:4)
  3 adders
  5 gnolls
  4 shadow imps
  5 dart slugs
  10 orcs
  9 endoplasms
  3 giant cockroaches
  14 goblins
  8 hobgoblins
  17 kobolds
  3 quokkas
  4 ball pythons
  6 bats
  5 frilled lizards
  3 hobgoblin zombies (D:7)
  A kobold zombie (D:7)
  13 rats
204 creatures vanquished.

Notes
Turn   | Place    | Note
-------+----------+-------------------------------------------
     0 | D:1      | Cheops the Armataur Earth Elementalist began the quest for
                  | the Orb.
     0 | D:1      | Reached XP level 1. HP: 14/14 MP: 3/3
   345 | D:1      | Reached XP level 2. HP: 21/21 MP: 0/4
   769 | D:1      | Reached XP level 3. HP: 24/27 MP: 2/5
  1245 | D:1      | Learned a level 2 spell: Passwall
  1530 | D:2      | Noticed Natasha
  1537 | D:2      | Killed Natasha
  1579 | D:2      | Reached XP level 4. HP: 31/35 MP: 2/6
  1690 | D:2      | Noticed Natasha
  1698 | D:2      | Killed Natasha
  1702 | D:2      | Noticed Jessica
  1803 | D:2      | Killed Jessica
  1804 | D:2      | Reached skill level 5 in Earth Magic
  1887 | D:2      | Noticed Natasha
  1890 | D:2      | Killed Natasha
  1891 | D:2      | Reached XP level 5. HP: 40/40 MP: 4/7
  2028 | D:2      | Learned a level 3 spell: Stone Arrow
  2284 | D:3      | Found a bloodstained altar of Trog.
  2289 | D:3      | Found a broken altar of Ashenzari.
  2294 | D:3      | Found a burning altar of Makhleb.
  2297 | D:3      | Found a hide-covered altar of Uskayaw.
  2299 | D:3      | Found a basalt altar of Yredelemnul.
  2304 | D:3      | Found an iron altar of Okawaru.
  2344 | D:3      | Noticed Terence
  2349 | D:3      | Killed Terence
  2433 | D:3      | Became a worshipper of Uskayaw the Reveller
  2578 | D:3      | Reached * piety under Uskayaw
  2727 | D:4      | Reached ** piety under Uskayaw
  2741 | D:4      | Noticed a black bear
  2760 | D:4      | Killed a black bear
  2760 | D:4      | Reached *** piety under Uskayaw
  2761 | D:4      | Reached XP level 6. HP: 30/48 MP: 0/8
  2993 | D:4      | Identified the +2 helmet of the Stone Wall {Harm Drain
                  | Str+4 Stlth+}
  2993 | D:4      | Noticed Robin
  3078 | D:4      | Killed Robin
  3185 | D:4      | Found a shimmering altar of Xom.
  3217 | D:4      | Noticed Ijyb
  3226 | D:4      | Killed Ijyb
  3342 | D:4      | Found a staircase to the Ecumenical Temple.
  3691 | D:4      | Found a sparkling altar of Nemelex Xobeh.
  3759 | D:4      | Found a snail-covered altar of Cheibriados.
  3800 | D:4      | Found Umme's Specific Store.
  3803 | D:4      | Found Omuh's General Store.
  3807 | D:4      | Bought a potion of curing for 36 gold pieces
  3807 | D:4      | Bought a scroll of identify for 24 gold pieces
  3807 | D:4      | Bought a scroll of identify for 24 gold pieces
  3840 | D:4      | Upgraded the game from 0.30.0-17-ge0270778cf to
                  | 0.30.0-18-gc0e69614cb
  3912 | D:5      | Entered Level 5 of the Dungeon
  3988 | D:5      | Found Fimniuho's Jewellery Boutique.
  4089 | D:5      | Found Yjaqin's Assorted Antiques.
  4122 | D:5      | Found Vach's Assorted Antiques.
  4197 | D:5      | Found Peynarph's Antique Weapon Boutique.
  4244 | D:5      | Reached XP level 7. HP: 46/53 MP: 5/10
  4327 | D:5      | Reached skill level 1 in Short Blades
  4517 | D:5      | Found Deovvuc's Weapon Emporium.
  4970 | D:6      | Noticed a slime creature
  4970 | D:6      | Noticed a slime creature
  5092 | D:6      | Found Somoorr's Jewellery Boutique.
  5463 | D:5      | Bought a runed dagger for 140 gold pieces
  5557 | D:6      | Reached XP level 8. HP: 60/60 MP: 8/11
  6232 | D:6      | Reached skill level 5 in Stealth
  7110 | D:6      | Killed a slime creature
  7203 | D:6      | Identified the +10 plate armour of Jemiet {rElec}
  7267 | D:6      | Killed a slime creature
  7425 | D:7      | Reached XP level 9. HP: 66/66 MP: 12/12
  7536 | D:7      | Found a transporter.
  7728 | D:6      | Learned a level 4 spell: Petrify
  7731 | D:6      | Learned a level 2 spell: Searing Ray
  7815 | D:7      | Found Onuesey's Assorted Antiques.
  7833 | D:7      | Bought a glittering jade amulet for 130 gold pieces
  7833 | D:7      | Identified the amulet "Imiom Qyno" {Spirit +Inv rPois rF+
                  | Dex-5} (You bought it in a shop on level 7 of the Dungeon)
  7866 | D:7      | Reached skill level 1 in Transmutations
  8169 | D:7      | Found an ornate altar of the Wu Jian Council.
  8240 | D:7      | Reached **** piety under Uskayaw
  8476 | D:7      | Found a transporter.
  8630 | D:7      | Found a transporter.
  8712 | D:7      | Reached skill level 5 in Conjurations
  8712 | D:7      | Reached skill level 5 in Transmutations
  8848 | D:7      | Found Onuesey's Assorted Antiques.
  9029 | D:7      | Found an ornate altar of the Wu Jian Council.
  9413 | D:8      | HP: 2/66 [wyvern (13)]
  9678 | D:8      | Identified the +0 chain mail of the Orb Guardian {Will+}
  9756 | D:8      | Noticed Pikel
  9762 | D:8      | Killed Pikel
  9763 | D:8      | Reached XP level 10. HP: 70/73 MP: 0/13
 10014 | D:8      | Noticed Maurice
 10022 | D:8      | Killed Maurice
 10031 | D:8      | Noticed Prince Ribbit
 10146 | D:8      | Killed Prince Ribbit
 10147 | D:8      | Reached skill level 5 in Short Blades
 10299 | D:8      | Found a hazy altar of Hepliaklqana.
 10316 | D:8      | Noticed a two-headed ogre
 10320 | D:8      | Killed a two-headed ogre
 10344 | D:8      | Found a blossoming altar of Fedhas.
 10850 | D:5      | Bought a scroll of identify for 30 gold pieces
 10917 | D:7      | Bought a scroll labelled ADO WE COBADYRCH for 26 gold
                  | pieces
 10917 | D:7      | Bought a scroll labelled JAEXOU USTRANNU for 26 gold pieces
 11502 | D:9      | Noticed a two-headed ogre
 11542 | D:9      | Killed a two-headed ogre
 11849 | D:9      | Reached XP level 11. HP: 79/79 MP: 14/14
 12016 | D:10     | Entered Level 10 of the Dungeon
 12150 | D:10     | Noticed a two-headed ogre
 12167 | D:10     | Killed a two-headed ogre
 12316 | D:10     | Noticed Fannar
 12554 | D:10     | HP: 2/69 [Fannar/staff of cold (15)]
 12572 | D:10     | Mangled by Fannar

Illustrated notes

Levels and vault maps discovered:
D:1:      sevenhm_arrival_forest_fort_small_3, layout_basic,
          corexii_hall_statues_l, chequers_big_river, minmay_rat_gold_closets
D:2:      layout_rooms, uniq_jessica, uniq_natasha
D:3:      layout_basic, nicolae_overflow_hallway_of_the_gods, uniq_terence
D:4:      layout_rooms, mainiacjoe_overflow_six_doors_small,
          nicolae_overflow_hidden_temple, chei_slow_surprise,
          minmay_temple_entry_slanted, st_stairs_11, grunt_decor_arrowhead,
          nicolae_specific_store, mrwooster_statue_mirror, corexii_corridor_pit,
          uniq_robin, uniq_ijyb
D:5:      layout_rooms, serial_shops, shop, shop, nicolae_take_the_stairs,
          nicolae_square_shop, nicolae_shop_real_fake_doors
D:6:      cheibrodos_fertilizer, layout_layer_cave,
          minmay_shop_enchanted_jewellery, st_stairs_4
D:7:      gammafunk_cloud_chamber, layout_rooms,
          pdpol_wu_jian_five_deadly_venoms, serial_shops, nicolae_stop_n_shop_1,
          minmay_mini_ossuary
D:8:      layout_loops_ring, mainiacjoe_overflow_alcove_4,
          mainiacjoe_overflow_24_doors, centaur_isle, uniq_pikel, uniq_maurice,
          uniq_prince_ribbit1
D:9:      layout_roguey
D:10:     layout_rooms, lemuel_round_altar, minmay_starry_boxes, uniq_fannar

Skill      XL: |  1  2  3  4  5  6  7  8  9 10 11 |
---------------+----------------------------------+-----
Earth Magic    | 3 4 5 6 8 9 |  9.0
Conjurations   | 2 4 7 8 |  8.0
Spellcasting   | 2 |  2.0
Short Blades   | 4 7 |  7.2
Stealth        | 4 5 7 9 |  9.5
Transmutations | 5 |  5.0
Dodging        | |  1.3

Action                     |  1- 3 |  4- 6 |  7- 9 | 10-12 || total
---------------------------+-------+-------+-------+-------++-------
  Melee: Unarmed           |     3 |       |       |       ||     3
         Dagger            |       |    37 |    92 |   140 ||   269
         Tailslap          |       |     8 |    15 |    20 ||    43
         Punch             |       |       |     3 |     2 ||     5
   Cast: Sandblast         |    54 |    77 |    25 |     4 ||   160
         Stone Arrow       |       |     8 |    27 |     5 ||    40
         Passwall          |       |     3 |    24 |     8 ||    35
         Petrify           |       |       |    11 |     9 ||    20
         Searing Ray       |       |       |       |     2 ||     2
 Invoke: Stomp             |       |       |     1 |       ||     1
Ability: Evoke Invisibilit |       |       |       |     1 ||     1
  Evoke: Wand              |       |       |     2 |     1 ||     3
    Use: Scroll            |       |    12 |     8 |    13 ||    33
         Potion            |       |       |       |     1 ||     1
   Stab: Sleeping          |       |     5 |    17 |    11 ||    33
         Paralysed         |       |     1 |     4 |     7 ||    12
         Petrified         |       |       |    10 |     8 ||    18
         Petrifying        |       |       |     1 |       ||     1
 Armour: Robe              |     9 |    21 |    19 |     5 ||    54
         Steam dragon scal |       |       |       |    76 ||    76
  Dodge: Dodged            |     8 |    52 |    40 |    63 ||   163
